 Dungeon Crawl Stone Soup version 0.18.1-47-g9310371 (webtiles) character file.

4372 Britaniac the Basher (level 10, -1/56 HPs)
             Began as a Gargoyle Fighter on June 22, 2016.
             Was a Priest of Okawaru.
             Slain by an orc knight
             ... wielding a +0 war axe
              (14 damage)
             ... in a bailey.
             The game lasted 00:27:48 (10594 turns).

Britaniac the Basher (Gargoyle Fighter)            Turns: 10594, Time: 00:27:49

Health: -1/56      AC: 18    Str: 24    XL:     10   Next: 34%
Magic:  10/10      EV:  4    Int:  8    God:    Okawaru [***...]
Gold:   289        SH: 10    Dex:  9    Spells: 0 memorised, 9 levels left

rFire  . . .     SeeInvis .     E - +0 morningstar (vamp)
rCold  . . .     Gourm    .     C - +0 plate armour
rNeg   + . .     Faith    .     c - +1 shield
rPois  ∞         Spirit   .     (no helmet)
rElec  +         Dismiss  .     (no cloak)
rCorr  .         Reflect  .     (no gloves)
SustAt .         Harm     .     (no boots)
MR     +....                    (no amulet)
Stlth  ..........               B - ring of protection from magic
                                v - ring of wizardry

@: somewhat resistant to hostile enchantments, extremely unstealthy
A: negative energy resistance 1, electricity resistance, unbreathing,
petrification resistance, rot immunity, AC +7
a: Heroism, Renounce Religion


You were in a bailey.
You worshipped Okawaru.
Okawaru was most pleased with you.
You were not hungry.

You visited 2 branches of the dungeon, and saw 9 of its levels.
You also visited: Sewer and Bailey.

You collected 289 gold pieces.

Inventory:

Hand Weapons
 a - a +0 flail
 E - a +0 vampiric morningstar (weapon)
Armour
 c - a +1 shield (worn)
 g - a +0 cloak
 C - a +0 plate armour (worn)
Jewellery
 v - a ring of wizardry (left hand)
 B - a ring of protection from magic (right hand)
Wands
 b - a wand of polymorph (0/24)
 e - a wand of acid (5/15)
 k - a wand of lightning (5/15)
Scrolls
 s - a scroll of remove curse
 w - a scroll of teleportation
 y - 2 scrolls of identify
 D - a scroll of immolation {unknown}
Potions
 d - a potion of brilliance
 h - a potion of mutation {unknown}
 m - 2 potions of degeneration {unknown}
 n - a potion of beneficial mutation {unknown}
 p - 2 potions of agility
 q - 3 potions of heal wounds
 r - 2 potions of flight
 t - 2 potions of invisibility
 u - 3 potions of cure mutation {unknown}
 z - a potion of curing
 A - 3 potions of resistance {unknown}
Comestibles
 f - 6 bread rations
 i - 3 beef jerkies
 j - 3 royal jellies
 l - 5 meat rations
 F - 10 chunks of flesh


   Skills:
 - Level 3.2 Fighting
 * Level 14.2 Maces & Flails
 - Level 3.2 Armour
 - Level 3.2 Shields
 + Level 0.2 Invocations


You had 9 spell levels left.
You didn't know any spells.

Dungeon Overview and Level Annotations

Branches:
Dungeon (8/15)             Temple (1/1) D:5
   Lair: D:8-11

Altars:
Ashenzari
Cheibriados
Dithmenos
Elyvilon
Fedhas
Gozag
Makhleb
Nemelex Xobeh
Okawaru
Pakellas
Qazlal
Ru
Sif Muna
Trog
Vehumet
Xom
Yredelemnul
Zin
The Shining One

Shops:
D:7 }


Innate Abilities, Weirdness & Mutations

You are resistant to torment.
Your stone body is resilient (AC +7).
You are immune to poison.
You resist negative energy.
You are resistant to electric shocks.
You can survive without breathing.
You are immune to petrification.
You are immune to rotting.


Message History

The orc warrior no longer looks unusually strong.
You block the orc warrior's attack.
Your plate armour prevents you from hitting the orc warrior.
The orc warrior is almost dead.
The orc no longer looks unusually strong.
The orc warrior hits you with a war axe!
* * * LOW HITPOINT WARNING * * *
Drink which item? (? for menu, Esc to quit)
You are confused.
You feel invigorated.
The orc warrior no longer looks unusually strong.
You bump into the stone wall.
The orc knight hits you with a war axe.
* * * LOW HITPOINT WARNING * * *
You bump into the stone wall.
The orc warrior no longer looks unusually strong.
You nearly stumble into some deep water!
You feel less invigorated.
You feel less confused. The orc knight hits you with a war axe!
You die... .#...#. ..8..
Kg. ##o## #gog# #ogo# #gog#

######o######
#....≈@≈...^#
#'###≈(≈###'#
#....≈.≈....#
#'###≈(≈###'#
#....≈.≈....#
#'###≈(≈###'#
#^..K≈(≈K...#
#'###≈(≈###'#
#...(≈(≈K...#


You could see an orc knight, 3 orc warriors, 3 gnolls, 2 orcs, 3 hobgoblins and
3 kobolds.

Vanquished Creatures
  Joseph (D:8)
  The ghost of Liquid the Ruffian, a novice GrMo of Qazlal (D:5)
  A troll (D:7)
  Grinder (D:5)
  Sigmund (D:3)
  Duvessa (D:5)
  2 water moccasins (D:6)
  2 orc warriors
  A sky beast (D:6)
  2 black bears
  2 centaurs
  5 ogres
  A big kobold (Sewer)
  Dowan (D:5)
  A scorpion (D:4)
  5 wights (D:7)
  An electric eel (D:7)
  4 howler monkeys (D:7)
  2 giant frog zombies
  2 crimson imps (D:5)
  A jelly (D:7)
  3 orc priests (D:7)
  5 hounds
  3 giant frog skeletons
  Jessica (D:7)
  5 iguanas
  3 orc wizards
  5 worker ants
  A hound zombie (D:6)
  A hound skeleton (D:5)
  A howler monkey skeleton (D:5)
  A worker ant zombie (D:5)
  6 gnolls
  8 adders
  5 river rats
  4 shadow imps
  2 oozes
  An adder skeleton (D:6)
  An adder zombie (D:5)
  4 worms
  2 dart slugs (D:2)
  4 giant geckos
  12 orcs
  9 giant cockroaches
  14 goblins
  10 hobgoblins
  6 jackals
  4 quokkas
  2 ball pythons (D:4)
  10 bats
  A giant cockroach zombie (D:5)
  5 giant newts
  24 kobolds
  2 quokka zombies
  12 rats
215 creatures vanquished.

Notes
Turn   | Place    | Note
--------------------------------------------------------------
     0 | D:1      | Britaniac the Gargoyle Fighter began the quest for the Orb.
     0 | D:1      | Reached XP level 1. HP: 14/14 MP: 1/1
   182 | D:1      | Reached XP level 2. HP: 19/19 MP: 2/2
   243 | D:1      | Reached skill level 3 in Maces & Flails
   666 | D:1      | Reached XP level 3. HP: 22/23 MP: 3/3
  1345 | D:2      | Reached skill level 4 in Maces & Flails
  1400 | D:2      | Found a white marble altar of Elyvilon.
  1542 | D:2      | Reached XP level 4. HP: 21/28 MP: 4/4
  2183 | D:3      | Noticed Sigmund
  2856 | D:3      | Killed Sigmund
  2856 | D:3      | Reached skill level 6 in Maces & Flails
  2856 | D:3      | Reached XP level 5. HP: 21/32 MP: 5/5
  2856 | D:3      | Reached XP level 6. HP: 25/37 MP: 6/6
  3709 | D:4      | Found an opulent altar of Gozag.
  3788 | D:4      | Reached skill level 7 in Maces & Flails
  3802 | D:4      | Reached XP level 7. HP: 37/41 MP: 7/7
  4015 | D:4      | Reached skill level 8 in Maces & Flails
  4044 | D:4      | Found a glowing drain.
  4059 | Sewer    | Entered a sewer
  4340 | Sewer    | Found a white marble altar of Elyvilon.
  4835 | D:4      | Reached skill level 9 in Maces & Flails
  4835 | D:4      | Reached XP level 8. HP: 46/46 MP: 8/8
  5469 | D:5      | Entered Level 5 of the Dungeon
  5632 | D:5      | Noticed Duvessa
  5668 | D:5      | Killed Duvessa
  5669 | D:5      | Noticed Dowan
  5685 | D:5      | Killed Dowan
  5735 | D:5      | Reached skill level 10 in Maces & Flails
  5910 | D:5      | Noticed Liquid's ghost (novice GrMo)
  5912 | D:5      | Found a staircase to the Ecumenical Temple.
  5934 | D:5      | Killed Liquid's ghost
  6074 | Temple   | Entered the Ecumenical Temple
  6079 | Temple   | Became a worshipper of Warmaster Okawaru
  6154 | D:5      | Found a shadowy altar of Dithmenos.
  6371 | D:5      | Noticed Grinder
  6387 | D:5      | Paralysed by Grinder for 3 turns
  6402 | D:5      | Paralysed by Grinder for 6 turns
  6408 | D:5      | Killed Grinder
  6408 | D:5      | Reached skill level 11 in Maces & Flails
  6408 | D:5      | Reached XP level 9. HP: 24/51 MP: 9/9
  6718 | D:5      | Reached * piety under Okawaru
  7112 | D:6      | Found a bloodstained altar of Trog.
  7165 | D:6      | Reached skill level 12 in Maces & Flails
  7378 | D:6      | Found a blossoming altar of Fedhas.
  7490 | D:6      | Found a white marble altar of Elyvilon.
  7911 | D:7      | Found Garyh's Gadget Shoppe.
  8104 | D:7      | Reached ** piety under Okawaru
  8434 | D:7      | Found a radiant altar of Vehumet.
  8510 | D:7      | Noticed a troll
  8523 | D:7      | Killed a troll
  8523 | D:7      | Reached skill level 13 in Maces & Flails
  8707 | D:7      | Found a blossoming altar of Fedhas.
  8960 | D:7      | Reached XP level 10. HP: 56/56 MP: 10/10
  9285 | D:7      | Noticed Jessica
  9918 | D:7      | Killed Jessica
  9957 | D:7      | Found a deep blue altar of Sif Muna.
 10166 | D:8      | HP: 1/56 [shadow imp (2)]
 10364 | D:8      | Noticed Joseph
 10388 | D:8      | Killed Joseph
 10388 | D:8      | Reached *** piety under Okawaru
 10388 | D:8      | Reached skill level 14 in Maces & Flails
 10431 | D:8      | Found a flagged portal.
 10473 | Bailey   | Entered a bailey
 10573 | Bailey   | Noticed an orc knight
 10590 | Bailey   | HP: 1/56 [orc warrior/war axe (13)]
 10594 | Bailey   | Slain by an orc knight

Skill      XL: |  1  2  3  4  5  6  7  8  9 10 |
---------------+-------------------------------+-----
Maces & Flails | 3 4 6 7 9 11 13 14 | 14.2
Fighting       | |  3.2
Armour         | |  3.2
Shields        | |  3.2
Invocations    | |  0.2

Action                   |  1- 3 |  4- 6 |  7- 9 | 10-12 || total
-------------------------+-------+-------+-------+-------++-------
Melee: Flail             |   144 |   200 |   598 |   100 ||  1042
       Unarmed           |       |       |       |   100 ||   100
       Morningstar       |       |       |       |    91 ||    91
Throw: Tomahawk          |       |       |       |    28 ||    28
Invok: Heroism           |       |       |     1 |     3 ||     4
  Use: Potion            |       |     3 |     2 |     2 ||     7
       Scroll            |       |       |    12 |       ||    12
  Eat: Chunk             |     2 |     8 |    17 |     6 ||    33
       Fruit             |       |       |       |     4 ||     4
       Pizza             |       |       |       |     1 ||     1
Armor: Scale mail        |    66 |    84 |   207 |       ||   357
       Plate armour      |       |       |    37 |   194 ||   231
Dodge: Dodged            |    35 |    62 |   146 |    53 ||   296
Block: Shield            |    77 |   117 |   219 |   195 ||   608
